Map: Vigía EE

Players

MrTrain

  • Race: Terran Terran
  • Spawn Location: 9:00

Chris

  • Race: Protoss Protoss
  • Spawn Location: 9:00

Hureeup

  • Race: Zerg Zerg
  • Spawn Location: 12:00

MrFercho

  • Race: Zerg Zerg
  • League: Silver
  • Spawn Location: 5:00

tigro

  • Race: Terran Terran
  • League: Bronze
  • Spawn Location: 5:00

TATORREA

  • Race: Protoss Protoss
  • League: Silver
  • Spawn Location: 6:00

VOD

Have the link to the VOD?

Description

Time

  • Played on: June 2, 2020, 9:07 p.m.
  • Length: 13:56
Show
View Real Time Build Order
Export as new Build Order

MrTrain Terran 

Build Orders:  

Get SALT Encoding   

  12  0:12  Supply Depot  
  12  0:15  SCV  
  13  0:31  Refinery  
  13  0:38  Barracks  
  13  1:11  SCV, Refinery  
  13  1:50  Orbital Command  
  13  1:58  Supply Depot  
  13  2:05  Barracks Tech Lab  
  13  2:29  Supply Depot  
  13  2:42  Marine  
  14  2:52  Factory  
  14  3:11  Bunker  
  14  3:13  Reaper  
  14  3:18  SCV  
  16  3:39  SCV  
  17  3:49  Starport  
  17  3:51  SCV  
  18  4:27  Fusion Core  
  18  4:37  Marine  
  18  4:49  Starport Tech Lab  
  18  4:53  SCV  
  19  5:23  Battlecruiser  
  25  5:36  Factory Reactor  
  25  5:54  Command Center  
  25  6:27  Medivac  
  25  6:28  Hellion  
Show
View Real Time Build Order
Export as new Build Order

Chris Protoss 

Build Orders: Carrier Rush 

Get SALT Encoding   

  12  0:11  Pylon  
  12  0:14  Probe  
  13  0:22  Assimilator  
  13  0:30  Probe  
  14  0:40  Assimilator  
  14  0:43  Probe  
  15  0:55  Probe  
  16  0:57  Gateway  
  16  1:50  Cybernetics Core  
  16  2:06  Pylon  
  16  2:40  Stargate  
  16  2:42  Pylon, Stargate  
  18  3:11  Stalker  
  18  3:41  Pylon  
  20  3:49  Fleet Beacon  
  20  3:59  Zealot  
  20  4:26  Zealot  
  22  4:33  Carrier  
  22  4:34  Nexus  
  28  4:53  Zealot  
  36  5:07  Carrier  
  36  5:45  Probe  
  37  5:57  Probe  
  38  6:10  Probe  
Show
View Real Time Build Order
Export as new Build Order

Hureeup Zerg 

Build Orders: Pool First 

Get SALT Encoding   

  12  0:01  Drone  
  13  0:11  Drone  
  14  0:19  Overlord  
  14  0:25  Extractor  
  14  0:26  Drone  
  14  0:45  Spawning Pool  
  13  0:55  Drone x3  
  16  1:15  Overlord  
  16  1:32  Queen  
  16  1:34  Zergling x2  
  16  1:35  Zergling x2  
  20  1:42  Drone  
  21  1:52  Drone  
  22  2:03  Zergling x2  
  23  2:19  Drone  
  24  2:32  Hatchery  
  24  2:35  Drone  
  24  2:38  Lair  
  24  2:39  Metabolic Boost  
  24  2:41  Extractor  
  24  2:44  Drone  
  24  3:00  Drone x2  
  24  3:01  Drone  
  27  3:05  Overlord  
  27  3:19  Zergling x2  
  27  4:07  Spire  
  27  4:09  Extractor  
  25  4:11  Queen  
  25  4:13  Drone x3  
  30  4:23  Hatchery  
  29  4:46  Drone x2  
  31  4:58  Drone x3  
  34  5:22  Mutalisk x2  
  34  5:23  Overlord, Mutalisk  
  34  5:24  Hatchery, Mutalisk x2  
  43  5:35  Extractor  
  42  5:36  Overlord  
  42  5:39  Overlord  
  42  6:01  Drone  
  42  6:02  Drone x5  
  48  6:07  Overlord  
  48  6:17  Overlord, Drone  
  49  6:31  Drone x5  
  54  6:33  Overlord  
  54  6:46  Drone  
  55  6:50  Mutalisk x2  
  59  7:01  Mutalisk x3  
  59  7:05  Zerg Flyer Weapons Level 1  
  65  7:10  Drone x3  
  65  7:13  Overlord  
  68  7:19  Drone x3  
  71  7:32  Mutalisk x2  
  71  7:33  Mutalisk x5  
  85  7:43  Mutalisk x2  
  89  7:54  Hatchery  
  88  8:02  Mutalisk x4  
  88  8:03  Mutalisk x6  
  108  8:14  Mutalisk  
  108  8:16  Overlord x4  
  110  8:27  Drone  
  111  8:41  Mutalisk x4  
  111  8:42  Overlord, Mutalisk  
  111  8:43  Overlord x2, Mutalisk x3  
  111  8:44  Mutalisk  
  129  8:55  Mutalisk x2  
  129  8:56  Mutalisk x5  
  129  8:58  Overlord x2  
  131  9:14  Mutalisk  
  131  9:15  Mutalisk x7  
  137  9:39  Mutalisk x3  
  137  9:40  Mutalisk x5  
  153  9:52  Zerg Flyer Weapons Level 2  
  141  10:24  Mutalisk x6  
  141  10:25  Mutalisk x2  
  137  10:39  Mutalisk x3  
  137  10:40  Zergling x2  
  137  10:41  Zergling x14  
  137  10:42  Zergling x2  
  129  11:15  Mutalisk x4  
  129  11:16  Mutalisk x4  
  129  11:17  Overlord x2  
  129  11:18  Zergling x10  
  144  11:45  Mutalisk x4  
  144  11:46  Mutalisk x2  
  156  11:55  Extractor  
  156  11:56  Extractor  
  156  12:01  Mutalisk x3  
  154  12:02  Zergling x10  
  154  12:03  Zergling x10  
  146  12:39  Mutalisk x7  
  146  12:40  Mutalisk x2  
  146  12:41  Zergling x8  
  167  12:45  Drone  
  167  12:47  Mutalisk  
  165  13:13  Infestation Pit  
  165  13:16  Mutalisk x3  
  165  13:17  Mutalisk x3  
  136  13:42  Drone x2  
Show
View Real Time Build Order
Export as new Build Order

MrFercho Zerg 

Build Orders: Pool First 

Get SALT Encoding   

  12  0:03  Drone  
  13  0:13  Drone  
  14  0:17  Overlord  
  14  0:23  Extractor  
  14  0:27  Drone  
  14  0:43  Spawning Pool, Drone  
  14  0:53  Drone  
  14  0:54  Drone  
  16  1:09  Drone x2  
  18  1:38  Queen  
  20  1:53  Drone x2  
  22  1:57  Extractor  
  21  2:03  Roach Warren  
  21  2:05  Drone  
  21  2:06  Drone  
  21  2:07  Evolution Chamber  
  21  2:21  Hatchery  
  20  2:26  Drone  
  20  2:28  Drone  
  22  2:46  Overlord  
  22  2:56  Lair  
  22  3:15  Roach  
  22  3:16  Roach x3  
  30  3:40  Roach x2  
  34  3:48  Drone x2  
  36  3:51  Overlord  
  36  4:06  Zerg Ground Armor Level 1  
  36  4:07  Glial Reconstitution  
  36  4:17  Drone x3  
  38  4:21  Drone x3  
  38  4:22  Queen  
  44  4:36  Infestation Pit  
  43  4:41  Ravager  
  44  4:56  Overlord x2  
  44  4:57  Overlord  
  44  4:58  Overlord x2  
  44  5:13  Hive  
  44  5:24  Extractor  
  43  5:34  Extractor, Drone x3  
  45  5:36  Drone x2  
  45  5:37  Drone  
  48  5:45  Pneumatized Carapace  
  48  6:01  Spore Crawler x2  
  46  6:04  Zerg Missile Weapons Level 1  
  46  6:14  Drone  
  46  6:15  Drone x8  
  55  6:38  Infestor  
  57  6:42  Zergling x6  
  56  7:34  Nydus Network  
  55  7:37  Roach x8  
  71  7:47  Overseer  
  71  8:20  Hydralisk Den, Zerg Ground Armor Level 2  
  70  8:28  Nydus Network  
  70  8:32  Metabolic Boost  
  69  8:56  Overlord x3  
  69  8:59  Overlord  
  69  9:03  Overseer  
  69  9:16  Spore Crawler x2  
  67  9:18  Spore Crawler  
  67  9:23  Hydralisk  
  67  9:24  Hydralisk x7  
  68  9:31  Overseer x2  
  82  9:32  Overseer x2  
  82  9:37  Overseer  
  82  9:51  Adrenal Glands  
  82  9:53  Hydralisk x5  
  82  9:54  Hydralisk x3  
  70  10:35  Nydus Canal  
  61  10:40  Hydralisk x6  
  71  11:01  Spore Crawler  
  71  11:02  Spore Crawler  
  69  11:09  Hydralisk Den  
  56  11:38  Nydus Canal  
  56  11:42  Hydralisk  
  56  11:43  Hydralisk x5  
  27  12:31  Roach  
  27  12:32  Roach x2  
Show
View Real Time Build Order
Export as new Build Order

tigro Terran 

Build Orders:  

Get SALT Encoding   

  12  0:04  SCV  
  13  0:16  SCV  
  14  0:24  Supply Depot  
  14  0:29  SCV  
  14  0:35  Refinery  
  15  0:45  SCV  
  16  0:56  Barracks  
  16  0:58  SCV  
  17  1:10  SCV, Refinery  
  18  1:22  Supply Depot, SCV  
  19  1:34  SCV  
  20  1:54  Marine  
  21  2:11  Marine  
  22  2:17  SCV  
  23  2:29  Marine, SCV  
  25  2:32  Barracks  
  25  2:41  SCV  
  26  2:47  Marine  
  27  3:05  Marine  
  28  3:06  Engineering Bay  
  28  3:07  SCV  
  29  3:45  Barracks Tech Lab  
  29  3:47  Barracks Tech Lab  
  29  4:10  Terran Infantry Weapons Level 1  
  29  4:12  Factory  
  29  4:15  Combat Shield  
  29  4:20  Stimpack  
  29  4:21  Command Center  
  29  4:33  Orbital Command  
  29  4:36  Marine  
  30  4:38  Marine  
  31  5:02  Factory Tech Lab  
  31  5:03  Marine x2  
  33  5:27  Starport, Refinery  
  33  5:34  Concussive Shells  
  33  5:50  Siege Tank  
  36  6:00  SCV  
  37  6:04  Terran Infantry Armor Level 1  
  37  6:06  Missile Turret  
  37  6:07  Refinery  
  37  6:09  Medivac  
  39  6:12  SCV  
  40  6:24  SCV  
  41  6:27  Missile Turret  
  41  6:28  Armory  
  41  6:36  SCV  
  42  6:48  SCV, Missile Turret  
  43  6:57  Marine  
  43  6:58  Marine  
  45  7:15  Marine x2  
  46  7:27  Missile Turret  
  43  7:33  Marine x2  
  45  7:46  SCV  
  45  7:47  Starport Tech Lab  
  45  7:51  Marine x2  
  48  7:58  Neosteel Armor  
  48  8:09  Marine x2  
  50  8:15  Fusion Core  
  50  8:17  Planetary Fortress  
  50  8:23  Viking  
  50  8:26  Drilling Claws  
  52  8:31  Thor  
  58  8:53  Banshee  
  61  9:03  Weapon Refit  
  52  9:14  Widow Mine  
  44  9:23  Marine x2  
  44  9:28  Missile Turret  
  41  9:38  Hi-Sec Auto Tracking  
  41  9:41  Viking, Marine x2  
  41  9:45  Mag-Field Accelerator  
  36  9:58  Marine  
  36  9:59  Marine  
  38  10:02  Missile Turret  
  18  10:20  Marine x2  
  8  10:38  Marine x2  
  9  10:43  Rapid Reignition System  
  6  10:56  Marine x2  
  5  11:01  SCV  
  4  11:13  Marine  
  4  11:14  Marine  
  6  11:24  Infernal Pre-Igniter  
  4  11:31  Marine x2  
  6  11:45  SCV  
  7  11:49  Marine x2  
  7  12:07  Marine x2  
  8  12:14  Viking  
  9  12:25  Marine x2  
  10  12:42  Cyclone  
  10  12:43  Marine x2  
  15  12:59  Viking  
  16  13:12  Marine  
  8  13:13  Marine  
Show
View Real Time Build Order
Export as new Build Order

TATORREA Protoss 

Build Orders:  

Get SALT Encoding   

  12  0:01  Probe  
  13  0:25  Pylon  
  13  0:35  Probe  
  14  0:47  Probe  
  15  0:59  Probe  
  16  1:07  Gateway x2  
  16  1:11  Probe  
  17  1:20  Assimilator  
  17  1:23  Probe  
  18  1:35  Probe  
  19  2:12  Pylon  
  19  2:15  Nexus  
  19  2:19  Cybernetics Core  
  19  2:20  Pylon  
  19  2:23  Probe  
  20  2:30  Zealot  
  20  2:31  Assimilator  
  20  2:32  Zealot  
  20  2:36  Probe  
  25  2:48  Probe  
  26  3:08  Pylon  
  25  3:19  Twilight Council  
  19  3:20  Forge  
  17  3:36  Probe  
  18  3:48  Probe  
  19  4:00  Probe x2  
  21  4:12  Probe x2  
  21  4:17  Warp Gate  
  23  4:20  Protoss Ground Weapons Level 1  
  23  4:26  Probe x2  
  25  4:40  Probe  
  25  4:41  Probe  
  27  4:52  Stalker  
  29  4:53  Stalker  
  29  4:57  Probe x2  
  33  5:09  Charge, Probe x2  
  35  5:21  Probe x2  
  37  5:33  Probe x2  
  39  5:35  Pylon  
  39  5:36  Pylon  
  39  5:45  Probe x2  
  41  5:55  Templar Archives  
  41  5:58  Probe x2  
  43  6:08  Assimilator  
  43  6:10  Assimilator, Probe x2  
  45  6:12  Stalker  
  45  6:13  Stalker  
  49  6:22  Probe x2  
  51  6:34  Probe  
  51  6:35  Probe  
  51  6:38  Protoss Ground Weapons Level 2  
  53  6:46  Probe  
  53  6:47  Probe  
  55  6:49  Blink  
  55  7:24  Stalker x2  
  55  7:26  Probe x2  
  61  7:51  Probe x2  
  63  8:01  Nexus  
  63  8:05  Pylon  
  63  8:08  Pylon  
  63  8:10  Protoss Air Weapons Level 1  
  63  8:11  Pylon  
  63  8:16  Pylon  
  63  8:19  Pylon  
  63  8:24  Pylon  
  63  8:26  Probe x2  
  65  8:28  Stargate  
  65  8:30  High Templar x2, Stargate  
  65  8:32  Robotics Facility  
  69  8:43  Pylon  
  69  8:44  Probe x2  
  69  8:47  Pylon  
  71  8:51  Assimilator, Pylon  
  71  8:55  Assimilator  
  71  8:56  Probe x2  
  73  9:04  High Templar x2  
  57  9:38  Stalker x2  
  57  9:41  Phoenix (Chrono Boost)  
  57  9:42  Phoenix (Chrono Boost)  
  61  9:58  Phoenix x2 (Chrono Boost)  
  64  10:00  Probe x2  
  67  10:09  High Templar x2  
  71  10:19  Phoenix (Chrono Boost)  
  71  10:20  Phoenix (Chrono Boost)  
  73  10:22  Warp Prism  
  65  10:49  Phoenix x2  
  61  10:59  Zealot  
  61  11:00  Zealot  
  63  11:16  Phoenix x2  
  61  11:26  Probe  
  61  11:27  Probe  
  42  11:42  Phoenix  
  42  11:43  Phoenix  
  44  12:09  Phoenix x2  
  48  12:34  Phoenix x2  
  48  12:35  Probe  
  53  12:47  Probe  
  54  12:59  Phoenix x2, Probe  
  59  13:11  Probe  
  60  13:23  Probe  
Tags
 
Add a new tag
Caveats
  • Supply blocks, unpowered buildings, or Contaminate may cause inaccurate times.
  • Supply counts are checked every 10 seconds.